 Dungeon Crawl Stone Soup version 0.24.1-8-ga250c9d538 (webtiles) character file.

Game seed: 14496769154665357216, levelgen mode: deterministic

23340 Atelerd the Thaumaturge (level 13, -3/79 HPs)
             Began as an Octopode Wizard on May 5, 2020.
             Was a Believer of Sif Muna.
             Slain by a vault guard
             ... wielding a +1 vampiric war axe
              (18 damage)
             ... on level 13 of the Dungeon on May 6, 2020.
             The game lasted 01:06:27 (20234 turns).

Atelerd the Thaumaturge (Octopode Wizard)          Turns: 20234, Time: 01:06:28

Health: -3/79      AC:  1    Str: 11    XL:     13   Next: 6%
Magic:  12/27      EV: 18    Int: 24    God:    Sif Muna [**....]
Gold:   1081       SH:  0    Dex: 11    Spells: 19/38 levels left

rFire    . . .     SeeInvis +   B - +4 dagger (venom)
rCold    + . .     Gourm    .   (no shield)
rNeg     . . .     Faith    .   a - +0 hat
rPois    .         Spirit   .   (no amulet)
rElec    .         Reflect  .   C - +4 ring of strength
rCorr    .         Harm     .   y - ring of protection from cold
MR       .....                  e - +3 ring of evasion
Stlth    +++++.....             I - ring of see invisible
HPRegen  0.23/turn              (no ring)
MPRegen  0.20/turn              (no ring)
                                (no ring)
                                (no ring)

@: no status effects
A: almost no armour, stealthy swim, amphibious, 8 rings, constrict 8, camouflage
1, low mp 1, gelatinous body 1, MP-powered wands
a: Channel Magic, Renounce Religion


You were on level 13 of the Dungeon.
You worshipped Sif Muna.
Sif Muna was pleased with you.
You were very hungry.

You visited 2 branches of the dungeon, and saw 15 of its levels.
You also visited: Sewer and Gauntlet.

You collected 1081 gold pieces.

Inventory:

Hand Weapons
 t - the +8 war axe "Cookie Cutter" {holy, Str+6}
   (You found it on level 13 of the Dungeon)

   It has been blessed by the Shining One to cause great damage to the undead
   and demons.
   It affects your strength (+6).
 w - a +2 vampiric spear
 A - a +4 spear
 B - a +4 dagger of venom (weapon)
 F - a +2 scimitar of flaming
Missiles
 n - 35 poisoned darts (quivered)
Armour
 a - a +0 hat (worn)
Magical Staves
 g - an uncursed staff of conjuration
Jewellery
 e - a +3 ring of evasion (on tentacle)
 p - an uncursed amulet of the acrobat
 y - a ring of protection from cold (right tentacle)
 C - a +4 ring of strength (left tentacle)
 I - a ring of see invisible (on tentacle)
 J - an uncursed ring of ice
 K - the amulet "Wuretig" {Inacc Str+4 Dex+2}
   (You found it on level 13 of the Dungeon)

   [amulet of inaccuracy]

   It reduces the accuracy of all your attacks.
   It affects your strength (+4).
   It affects your dexterity (+2).
Scrolls
 h - 2 scrolls of amnesia
 i - 9 scrolls of teleportation
 m - 7 scrolls of remove curse
 o - 3 scrolls of immolation {unknown}
 q - 2 scrolls of fog
 r - a scroll of silence {unknown}
 v - a scroll of enchant armour {unknown}
 x - a scroll of noise {unknown}
 D - a scroll of magic mapping
 E - a scroll of vulnerability {unknown}
 H - a scroll of random uselessness {unknown}
Potions
 b - 3 potions of magic
 d - 2 potions of brilliance
 f - 2 potions of haste
 j - 2 potions of lignification
 k - a potion of resistance
 l - 3 potions of flight
 s - a potion of ambrosia {unknown}
 u - 2 potions of degeneration
 z - a potion of might {unknown}
 G - a potion of berserk rage
Comestibles
 c - 9 rations


   Skills:
 - Level 4.0 Fighting
 - Level 4.0 Short Blades
 - Level 6.0 Dodging
 - Level 8.0 Stealth
 + Level 13.3 Spellcasting
 - Level 10.0 Conjurations
 - Level 1.0 Summonings
 - Level 3.1 Translocations
 - Level 8.1 Invocations


You had 19 spell levels left.
You knew the following spells:

 Your Spells              Type           Power        Failure   Level  Hunger
a - Magic Dart            Conj           ####         1%          1    None
b - Mephitic Cloud        Conj/Pois/Air  ####....     2%          3    None
c - Blink                 Tloc           N/A          1%          2    None
d - Conjure Flame         Conj/Fire      #####...     1%          3    None
e - Call Imp              Summ           ###.....     3%          2    None
f - Force Lance           Conj/Tloc      #####...     2%          4    None
g - Iskenderun's Mystic   Conj           ######..     1%          4    None

Your spell library contained the following spells:

 Spells                   Type           Power        Failure   Level  Hunger
 Searing Ray              Conj           ######       1%          2    None
 Dazzling Spray           Conj/Hex       #####.       1%          3    None
 Fulminant Prism          Conj/Hex       #####.....   4%          4    None
 Slow                     Hex            ###.....     6%          2    None


Dungeon Overview and Level Annotations

Branches:
Dungeon (14/15)            Temple (1/1) D:5             Orc (0/2) D:12
 Vaults (0/5) D:13          Sewer (visited)         Gauntlet (visited)
   Lair: D:8-11

Altars:
Ashenzari
Cheibriados
Dithmenos
Elyvilon
Fedhas
Gozag
Hepliaklqana
Kikubaaqudgha
Makhleb
Okawaru
Qazlal
Ru
Sif Muna
Trog
Uskayaw
Vehumet
Wu Jian
Xom
Yredelemnul
Zin
The Shining One

Shops:
D:10 :

Annotations:
D:5 exclusion: downstairs
D:6 exclusion: downstairs
D:9 !hydra 7h
D:10 exclusion: downstairs
D:12 !mino
D:13 3 runed translucent doors, Hollixir's ghost, journeyman CeFi


Innate Abilities, Weirdness & Mutations

You cannot wear most types of armour.
You are very stealthy in the water. (Stealth+)
You are amphibious.
You can wear up to eight rings at the same time.
You can use your tentacles to constrict eight enemies at once.
Your skin changes colour to match your surroundings (Stealth+).
Your rubbery body absorbs attacks. (AC +1, EV +1)
Your magical capacity is low. (-10% MP)
You expend magic power (3 MP) to strengthen your wands.


Message History

* * * LOW HITPOINT WARNING * * *
You see here 19 stones.
The big kobold shouts!
Hollixir's ghost turns its malevolent gaze towards you.
You hear a shout! x4
The kobold demonologist shouts!
The big kobold shouts!
You hear a shout!
The big kobold shouts!
You hear a shout!
The big kobold shouts!
Casting: Force Lance (safe; 2% risk of failure)
Confirm with . or Enter, or press ? or * to list all spells.
Aiming: Force Lance (safe; 2% risk of failure)
Press: ? - help, Shift-Dir - straight line, f/p - vault guard
Aim: a vault guard, wielding a +1 vampiric war axe, wearing a +0 plate armour and wearing a +0 shield The vault guard blocks the lance of force.
The vault guard hits you with a +1 vampiric war axe!
* * * LOW HITPOINT WARNING * * *
Casting: Force Lance (safe; 2% risk of failure)
Confirm with . or Enter, or press ? or * to list all spells.
You blink.
The vault guard hits you with a +1 vampiric war axe!!
You die...

#..# #.####..####.# #.##
#..........#.# #.####
#..##+++##.#.####
#....#######.##KKKKK###.....
####.##......#KW#.#.P#......
##Q#####.#.#♣K#.#.♣#######
#..# #.#.#P.#K#.P ######.##
#.####.....## ###......#
#.@p§##??? ....###### ######
##### #


You could see a vault guard.

Vanquished Creatures
  Kirke (D:13)
  Fannar (D:11)
  3 vault guards (D:13)
  A hydra (D:13)
  Harold (D:7)
  A centaur warrior (D:13)
  2 two-headed ogres
  Erica (D:8)
  A tengu warrior (D:13)
  A catoblepas (D:13)
  A queen ant (Gauntlet)
  A deep elf knight (D:13)
  An unseen horror (D:13)
  A wizard (D:13)
  Pikel (D:7)
  An orc knight (D:13)
  An orc sorcerer (D:13)
  2 ugly things
  A manticore (D:9)
  A gargoyle (D:13)
  A troll (D:12)
  A slime creature (Gauntlet)
  3 hippogriffs
  A wraith (D:13)
  3 shadows (Gauntlet)
  2 wyverns
  3 hogs (D:13)
  12 yaks
  A human (D:8)
  A hungry ghost (D:8)
  4 soldier ants (Gauntlet)
  Duvessa (D:7)
  4 orc warriors
  2 ice beasts
  A necrophage (D:6)
  A sky beast (D:9)
  3 phantoms
  2 black bears
  6 ogres
  7 centaurs
  6 bullfrogs
  Dowan (D:7)
  3 scorpions
  A howler monkey (D:8)
  4 crimson imps
  A quasit (D:8)
  7 hounds
  An orc wizard (D:5)
  A centaur zombie (D:7)
  4 jellies
  5 bullfrog skeletons
  3 centaur skeletons
  5 orc priests
  2 iguanas
  6 worker ants
  A statue (D:5)
  A hound skeleton (D:7)
  A howler monkey zombie (D:5)
  15 adders
  3 gnolls (D:4)
  A howler monkey skeleton (D:4)
  6 oozes
  An adder skeleton (D:4)
  An adder zombie (D:5)
  7 worms
  4 dart slugs
  7 leopard geckos
  24 orcs
  13 bats
  5 giant cockroaches
  7 goblins
  5 hobgoblins
  16 jackals
  10 kobolds
  2 quokkas
  2 ball pythons
  7 frilled lizards
  A quokka skeleton (D:6)
  14 rats
  A plant (D:3)
288 creatures vanquished.

Vanquished Creatures (others)
  3 humans (D:13)
  2 soldier ants (Gauntlet)
  2 slaves (D:7)
  A bullfrog skeleton (D:13)
  A worker ant (D:7)
  A kobold (D:3)
  2 fungi (D:13)
  2 plants (D:13)
14 creatures vanquished.

Grand Total: 302 creatures vanquished

Notes
Turn   | Place    | Note
-------+----------+-------------------------------------------
     0 | D:1      | Atelerd the Octopode Wizard began the quest for the Orb.
     0 | D:1      | Reached XP level 1. HP: 11/11 MP: 4/4
   223 | D:1      | Reached XP level 2. HP: 16/17 MP: 6/6
   800 | D:1      | Reached XP level 3. HP: 17/21 MP: 4/7
  1928 | D:2      | Learned a level 3 spell: Mephitic Cloud
  1931 | D:2      | Learned a level 2 spell: Blink
  1977 | D:2      | Learned a level 3 spell: Conjure Flame
  2079 | D:2      | Reached XP level 4. HP: 16/27 MP: 5/9
  3049 | D:3      | Found a glowing drain.
  3054 | Sewer    | Entered a sewer
  3061 | Sewer    | Reached XP level 5. HP: 26/32 MP: 6/10
  3068 | Sewer    | Reached skill level 1 in Fighting
  4237 | D:3      | Found a burning altar of Makhleb.
  4390 | D:3      | Reached skill level 4 in Spellcasting
  4669 | D:4      | Found an iron altar of Okawaru.
  4745 | D:4      | Reached XP level 6. HP: 39/39 MP: 8/12
  4874 | D:4      | Found a snail-covered altar of Cheibriados.
  4889 | D:4      | Found an opulent altar of Gozag.
  5196 | D:4      | Reached skill level 5 in Conjurations
  5597 | D:5      | Entered Level 5 of the Dungeon
  5602 | D:5      | Found a staircase to the Ecumenical Temple.
  5619 | Temple   | Entered the Ecumenical Temple
  5715 | D:5      | Reached XP level 7. HP: 43/45 MP: 7/13
  6157 | D:5      | Reached skill level 5 in Spellcasting
  6386 | D:5      | Noticed a hippogriff
  6393 | D:5      | Reached XP level 8. HP: 50/50 MP: 7/15
  6429 | D:5      | HP: 2/50 [hippogriff (3)]
  6430 | D:5      | Killed a hippogriff
  6431 | D:5      | Gained mutation: Your magical capacity is low. (-10% MP)
                  | [potion of mutation]
  6431 | D:5      | Gained mutation: You expend magic power (3 MP) to
                  | strengthen your wands. [potion of mutation]
  6736 | D:5      | Found a radiant altar of Vehumet.
  7493 | D:6      | Noticed a +0 dagger
  7494 | D:6      | Noticed a +0 hand axe
  7497 | D:6      | Found a hide-covered altar of Uskayaw.
  7951 | D:6      | Reached skill level 6 in Spellcasting
  8263 | D:6      | Found a white marble altar of Elyvilon.
  8554 | D:6      | Found a basalt altar of Yredelemnul.
  8725 | D:6      | Reached XP level 9. HP: 54/54 MP: 6/16
  9304 | D:7      | Noticed Harold
 10028 | D:7      | Noticed Pikel
 10037 | D:7      | Killed Pikel
 10037 | D:7      | Reached skill level 5 in Stealth
 10037 | D:7      | Reached skill level 7 in Spellcasting
 10141 | D:7      | Noticed Dowan
 10145 | D:7      | Noticed Duvessa
 10149 | D:7      | Killed Dowan
 10239 | D:7      | Killed Duvessa
 10410 | D:7      | Found a shimmering blue altar of Sif Muna.
 10413 | D:7      | Became a worshipper of Sif Muna the Loreminder
 10726 | D:7      | Reached skill level 1 in Invocations
 11483 | D:7      | Killed Harold
 11483 | D:7      | Reached skill level 8 in Spellcasting
 11483 | D:7      | Reached XP level 10. HP: 25/60 MP: 4/19
 11861 | D:8      | Noticed Erica
 12319 | D:8      | Found a hazy altar of Hepliaklqana.
 12337 | D:8      | Reached skill level 9 in Spellcasting
 12414 | D:8      | Reached * piety under Sif Muna
 12652 | D:8      | Found an ornate altar of the Wu Jian Council.
 12856 | D:8      | Killed Erica
 12856 | D:8      | Reached skill level 10 in Spellcasting
 13012 | D:8      | Found a hazy altar of Hepliaklqana.
 13666 | D:9      | Reached XP level 11. HP: 47/64 MP: 12/23
 13738 | D:9      | Noticed a two-headed ogre
 13749 | D:9      | Killed a two-headed ogre
 13749 | D:9      | Reached skill level 11 in Spellcasting
 13872 | D:9      | Noticed a manticore
 13884 | D:9      | Killed a manticore
 14101 | D:9      | Noticed a six-headed hydra
 14173 | D:10     | Entered Level 10 of the Dungeon
 14487 | D:10     | Found Dolok's Book Boutique.
 15160 | D:11     | Noticed a two-headed ogre
 15161 | D:11     | Noticed a brown ugly thing
 15161 | D:11     | Noticed a two-headed ogre
 15193 | D:11     | Noticed Fannar
 15207 | D:11     | Killed Fannar
 15223 | D:11     | You fall into a shaft and drop 3 floors!
 15265 | D:12     | Noticed a green ugly thing
 15275 | D:12     | Killed a green ugly thing
 15302 | D:12     | Found a gate leading to a gauntlet.
 15311 | Gauntlet | Entered a Gauntlet
 15311 | Gauntlet | Found a transporter.
 15311 | Gauntlet | Found a transporter.
 15311 | Gauntlet | Found a runed translucent door.
 15311 | Gauntlet | Noticed a spectral death yak
 15311 | Gauntlet | Noticed a death scarab
 15445 | Gauntlet | Found a transporter.
 15449 | Gauntlet | Found a transporter.
 15460 | Gauntlet | Found a transporter.
 15461 | Gauntlet | Found a transporter.
 15470 | Gauntlet | Found a transporter.
 15483 | Gauntlet | Noticed a glowing orange brain
 15484 | Gauntlet | Noticed a glowing orange brain
 15486 | Gauntlet | Found a transporter.
 15495 | Gauntlet | Noticed a green ugly thing
 15501 | Gauntlet | Found a transporter.
 15505 | Gauntlet | Found a transporter.
 15509 | Gauntlet | Found a runed translucent door.
 15509 | Gauntlet | Found a runed translucent door.
 15513 | Gauntlet | Found a transporter.
 15517 | Gauntlet | Found a transporter.
 15521 | Gauntlet | Found a runed translucent door.
 15595 | Gauntlet | Noticed a queen ant
 15620 | Gauntlet | Learned a level 2 spell: Call Imp
 15840 | Gauntlet | Killed a queen ant
 16074 | Gauntlet | Noticed a large abomination
 16096 | Gauntlet | Reached skill level 5 in Dodging
 16116 | Gauntlet | Reached skill level 12 in Spellcasting
 16257 | Gauntlet | Noticed a minotaur
 16553 | D:12     | Noticed a two-headed ogre
 16661 | D:13     | Noticed a green ugly thing
 16673 | D:13     | Killed a green ugly thing
 16814 | D:13     | Got an ancient war axe
 16815 | D:13     | Identified the +8 war axe "Cookie Cutter" {holy, Str+6}
                  | (You found it on level 13 of the Dungeon)
 16858 | D:13     | Noticed a catoblepas
 17098 | D:13     | Reached ** piety under Sif Muna
 17149 | D:13     | Noticed a five-headed hydra
 17191 | D:13     | Noticed a vault guard
 17294 | D:14     | Learned a level 4 spell: Force Lance
 17299 | D:14     | Learned a level 4 spell: Iskenderun's Mystic Blast
 17347 | D:12     | Killed a two-headed ogre
 17347 | D:12     | Reached XP level 12. HP: 43/74 MP: 3/25
 17758 | D:12     | Found a staircase to the Orcish Mines.
 18011 | D:13     | Killed a catoblepas
 18109 | D:13     | Noticed a centaur warrior
 18320 | D:13     | Noticed Kirke
 18330 | D:13     | Killed Kirke
 18330 | D:13     | Reached skill level 5 in Invocations
 18461 | D:13     | Noticed a deep elf knight
 18486 | D:13     | Killed a five-headed hydra
 18503 | D:13     | Noticed a vault guard
 18515 | D:13     | Killed a vault guard
 18518 | D:13     | Killed a deep elf knight
 18611 | D:13     | Noticed a vault guard
 18621 | D:13     | Killed a vault guard
 18737 | D:13     | Killed a vault guard
 18813 | D:13     | Reached skill level 10 in Conjurations
 18849 | D:13     | Noticed a vault guard
 18968 | D:13     | Killed a centaur warrior
 18968 | D:13     | Reached skill level 13 in Spellcasting
 19173 | D:13     | Got a bound copper amulet
 19175 | D:13     | Identified the amulet "Wuretig" {Inacc Str+4 Dex+2} (You
                  | found it on level 13 of the Dungeon)
 19181 | D:13     | Found a gate to the Vaults.
 19401 | D:13     | Reached XP level 13. HP: 44/79 MP: 18/27
 19638 | D:13     | Found a runed translucent gate.
 19638 | D:13     | Found a runed translucent gate.
 19638 | D:13     | Found a runed translucent gate.
 19640 | D:13     | Noticed Hollixir's ghost (journeyman CeFi)
 19798 | D:13     | HP: 3/79 [tengu warrior/+0 great mace (7)]
 19807 | D:13     | HP: 1/79 [tengu warrior/+0 great mace (4)]
 20234 | D:13     | Slain by a vault guard

Levels and vault maps discovered:
D:1:      beargit_arrival_greenhouse, layout_basic
D:2:      layout_basic
D:3:      lemuel_upstairs_altar, layout_basic, lemuel_crystal_altar,
          gup_sewer_entry_bowl, dk_noncrumbling_4, lexackson_kobold_supper
D:4:      minmay_polygon_palace, layout_basic, okawaru_gym_becter,
          cheibriados_altar_1, lemuel_round_altar, first_ration
D:5:      layout_rooms, vehumet_statue, minmay_temple_entry_large_hall
D:6:      layout_basic, kennysheep_ying_yang, dancing_weapons_uskayaw,
          kennysheep_pointless_box
D:7:      layout_loops_corners, lemuel_blue_sif_altar, uniq_harold,
          uniq_duvessa, uniq_pikel
D:8:      layout_layer_cave, lemuel_doored_altar, kennysheep_mini, basic_altar,
          grunt_pizzeria, uniq_erica
D:9:      layout_loops_ring, lemuel_round_altar, minmay_circle_x
D:10:     layout_loops_ring, serial_shops, nicolae_shop_trees,
          nicolae_two_hexagons, minivault_5
D:11:     layout_loops_cross, dpeg_lair_monsters, serial_bayou,
          serial_bayou_pond_d, serial_bayou_ford_a, serial_bayou_crossing,
          serial_bayou_pond_b, serial_bayou_pond_a, nrook_uturn, uniq_grum,
          uniq_fannar
D:12:     layout_gridville, orc_0_dummy, gauntlet_entry_generic, serial_shops,
          nicolae_shop_behind_doors, uniq_jorgrun
D:13:     dragon1_lemuel, layout_loops_ring, grunt_vaults_entry_fortified,
          gammafunk_ghost_nasty_kobolds, uniq_kirke
D:14:     layout_loops_ring, ebering_ghost_disaster_area,
          minmay_splitting_lines, kennysheep_island_fort
Temple:   compressed_dpeg_circular_temple

Skill      XL: |  1  2  3  4  5  6  7  8  9 10 11 12 13 |
---------------+----------------------------------------+-----
Conjurations   | 2 3 4 5 6 8 10 | 10.0
Fighting       | 1 2 4 |  4.0
Spellcasting   | 4 5 6 8 10 12 13 | 13.3
Stealth        | 3 6 7 8 |  8.0
Dodging        | 4 6 |  6.0
Invocations    | 3 4 7 8 |  8.1
Short Blades   | 2 4 |  4.0
Translocations | 3 |  3.1
Summonings     | |  1.0

Action                   |  1- 3 |  4- 6 |  7- 9 | 10-12 | 13-15 || total
-------------------------+-------+-------+-------+-------+-------++-------
Melee: Unarmed           |    22 |       |       |       |       ||    22
       Constrict         |    17 |    39 |    32 |    34 |     1 ||   123
       Tentacles         |     5 |    20 |    24 |    44 |     1 ||    94
       Short sword       |    44 |       |       |       |       ||    44
       Dagger            |       |   161 |   119 |   149 |     9 ||   438
       Spear             |       |       |    64 |    16 |       ||    80
       War axe           |       |       |       |    46 |       ||    46
       Scimitar          |       |       |       |     1 |       ||     1
Throw: Dart              |       |       |       |    36 |       ||    36
 Cast: Magic Dart        |    50 |    67 |    75 |   163 |     5 ||   360
       Mephitic Cloud    |       |    11 |    30 |    56 |    10 ||   107
       Blink             |       |     1 |    10 |    12 |     2 ||    25
       Conjure Flame     |       |       |    19 |    44 |     4 ||    67
       Iskenderun's Myst |       |       |       |    13 |       ||    13
       Call Imp          |       |       |       |     2 |       ||     2
       Force Lance       |       |       |       |    26 |     5 ||    31
Invok: Channel Magic     |       |       |       |     4 |       ||     4
Evoke: Wand              |       |       |    11 |       |       ||    11
  Use: Scroll            |       |     5 |     4 |    11 |       ||    20
       Potion            |       |       |     4 |     7 |       ||    11
 Stab: Sleeping          |     2 |    12 |     9 |     7 |       ||    30
       Confused          |       |     4 |     7 |    11 |     2 ||    24
       Distracted        |       |       |       |     1 |       ||     1
  Eat: Chunk             |     3 |    12 |    10 |    11 |     2 ||    38
       Ration            |       |       |     3 |     4 |       ||     7
Armor: Skin              |     8 |     9 |     4 |     4 |       ||    25
Dodge: Dodged            |    59 |   101 |   105 |   212 |    13 ||   490
       Rpst.: Scimitar   |       |       |       |     4 |       ||     4
